 Dungeon Crawl Stone Soup version 0.23.0-3-gf3c87f2 (webtiles) character file.

Game seed: 8807279062102927699

32 dengdeng the Skirmisher (level 3, 0/34 HPs)
             Began as a Minotaur Berserker on Feb 23, 2019.
             Was a Follower of Trog.
             Slain by a bat (1 damage)
             ... on level 1 of the Dungeon.
             The game lasted 00:03:37 (1320 turns).

dengdeng the Skirmisher (Minotaur Berserker)        Turns: 1320, Time: 00:03:38

Health: 0/34       AC:  2    Str: 22    XL:     3   Next: 8%
Magic:  2/2        EV: 12    Int:  4    God:    Trog [*.....]
Gold:   68         SH:  0    Dex:  9    Spells: 2/2 levels left

rFire    . . .     SeeInvis .   a - +0 hand axe
rCold    . . .     Gourm    .   (no shield)
rNeg     . . .     Faith    .   b - +0 animal skin
rPois    .         Spirit   .   (helmet restricted)
rElec    .         Reflect  .   (no cloak)
rCorr    .         Harm     .   (no gloves)
MR       .....                  (no boots)
Stlth    +.........             (no amulet)
HPRegen  0.11/turn              (no ring)
MPRegen  0.08/turn              (no ring)

@: no status effects
A: retaliatory headbutt, horns 2
a: Berserk, Renounce Religion


You were on level 1 of the Dungeon.
You worshipped Trog.
Trog was aware of your devotion.
You were not hungry.

You visited 1 branch of the dungeon, and saw 2 of its levels.

You collected 68 gold pieces.

Inventory:

Hand Weapons
 a - a +0 hand axe (weapon)
Missiles
 h - 29 stones (quivered)
Armour
 b - a +0 animal skin (worn)
Jewellery
 k - a +5 amulet of reflection {unknown}
Scrolls
 d - a scroll of identify {unknown}
 e - a scroll of enchant armour {unknown}
 g - 4 scrolls of teleportation {unknown}
Potions
 f - a potion of berserk rage {unknown}
 i - a potion of resistance {unknown}
Comestibles
 c - a ration
 j - a chunk of flesh


   Skills:
 * Level 4.4 Fighting
 + Level 4.0 Axes
 * Level 3.0 Armour
 + Level 2.3 Dodging


You had 2 spell levels left.
You didn't know any spells.
Your spell library was empty.

Dungeon Overview and Level Annotations

Branches:
Dungeon (2/15)

Altars:


Innate Abilities, Weirdness & Mutations

You reflexively headbutt those who attack you in melee.
You have a pair of horns on your head.


Message History

The orc warrior hits you from afar with a +0 trident!!
Ouch! That really hurt!
* * * LOW HITPOINT WARNING * * *
Unknown command.
The bat closely misses you. The quokka bites you.
* * * LOW HITPOINT WARNING * * *
The hobgoblin hits you but does no damage.
You climb upwards.
There is a stone staircase leading down here.
Unknown command.
You can't go up here!
You barely miss the quokka.
The quokka is severely wounded.
You barely miss the hobgoblin. You closely miss the bat. The bat misses you.
The quokka barely misses you. The hobgoblin hits you.
* * * LOW HITPOINT WARNING * * *
You closely miss the quokka.
The quokka is severely wounded.
You hit the hobgoblin. You closely miss the bat. The bat hits you.
You die...

...# #.#.#.#.#.# #.#.#.......
...# #.#.#.#.#.# #.#.#.......
...# #.#.#...#.# #.#.#.......
...# #.......#.###.#.#.......
...# ###.#...#.......######÷#
...# #.#..(###.....# #.#
...#########.#...........# #.#
...........#.#...####....# #.#
...........#.#.r@# #....# #.#
##.........#.#.bg####....# #..
###########.#...........########
#.#...##.#....#....... ########
#.#...#.......'..÷>... .......#
#.#...##.....##.......
.###########.#...#...#'###.......
.#####.......#...#####.# ########
.......####..#...#.....#


You could see a quokka, a hobgoblin and a bat.

Vanquished Creatures
  An ooze (D:1)
  A dart slug (D:1)
  2 leopard geckos (D:1)
  3 hobgoblins
  3 kobolds (D:1)
  8 bats
  4 frilled lizards (D:1)
  4 rats
26 creatures vanquished.

Notes
Turn   | Place    | Note
-------+----------+-------------------------------------------
     0 | D:1      | dengdeng the Minotaur Berserker began the quest for the
                  | Orb.
     0 | D:1      | Reached XP level 1. HP: 19/19 MP: 0/0
   443 | D:1      | Reached XP level 2. HP: 18/27 MP: 1/1
  1140 | D:1      | Reached XP level 3. HP: 34/34 MP: 2/2
  1311 | D:2      | Noticed an orc warrior
  1319 | D:1      | HP: 1/34 [hobgoblin (3)]
  1320 | D:1      | Slain by a bat

Skill      XL: |  1  2  3 |
---------------+----------+-----
Fighting       | 4 |  4.4
Axes           | 4 |  4.0
Armour         | 3 |  3.0
Dodging        | |  2.3

Action                   || total
-------------------------++-------
Melee: Hand axe          ||    52
       Headbutt          ||    10
  Eat: Chunk             ||     1
Armor: Animal skin       ||    10
Dodge: Dodged            ||    31
